Workbook
Name AbaDeprec: #REF!
Name AbaRemun: #REF!

Sheet ORÇAMENTO
A7: ANEXO 3 - PLANILHA DE CUSTOS ESTIMADOS
A9: Limpeza e asseio dos banheiros públicos de Praças
A11: Orçamento Sintético
A12: Descrição do Item | E12: Custo (R$/mês) | F12: %
A13: =A42 -> 1. Mão-de-obra | E13: =SUM(E14:E22) -> 108452.3 | F13: =IFERROR(E13/$E$28,0) -> 0.74107609
A14: =A44 -> 1.1. Auxiliar de Limpeza | E14: =(F55+F68) -> 56481.183 | F14: =IFERROR(E14/$E$28,0) -> 0.38594712
A15: =A70 -> 1.2. Supervisor | E15: =F83 -> 7097.2697 | F15: =IFERROR(E15/$E$28,0) -> 0.04849705
A16: =A85 -> 1.3. Vigia Turno Noite | E16: =F104 -> 11363.84 | F16: =IFERROR(E16/$E$28,0) -> 0.077651371
A17: =A106 -> 1.4. Folguista Auxiliar de Limpeza | E17: =F117 -> 10840.602 | F17: =IFERROR(E17/$E$28,0) -> 0.074075985
A18: =A119 -> 1.5. Folguista Vigia Turno Noite | E18: =F138 -> 2022.9036 | F18: =IFERROR(E18/$E$28,0) -> 0.013822901
A19: =A140 -> 1.5. Vale Transporte | E19: =F146 -> 5280.4916 | F19: =IFERROR(E19/$E$28,0) -> 0.036082645
A20: =A148 -> 1.6. Auxílio Alimentação (diário) | E20: =F154 -> 6108.426 | F20: =IFERROR(E20/$E$28,0) -> 0.041740085
A21: =A156 -> 1.7. Auxílio Lanche (diário) | E21: =F161 -> 2196.288 | F21: =IFERROR(E21/$E$28,0) -> 0.015007671
A22: =A163 -> 1.8. Plano Benefício Familiar (mensal) | E22: =F168 -> 7061.3 | F22: =IFERROR(E22/$E$28,0) -> 0.048251262
A23: =A172 -> 2. Uniformes e Equipamentos de Proteção Individual | E23: =F194 -> 1865.8816 | F23: =IFERROR(E23/$E$28,0) -> 0.012749938
A24: =A197 -> 3. Veículos | E24: =F204 -> 3375.27 | F24: =IFERROR(E24/$E$28,0) -> 0.023063889
A25: =A206 -> 4. Materiais de Consumo Mensal | E25: =F243 -> 10086.312 | F25: =IFERROR(E25/$E$28,0) -> 0.068921771
A26: =A244 -> 5. Equipamentos de Consumo Anual | E26: =F249 -> 199.123 | F26: =IFERROR(E26/$E$28,0) -> 0.0013606469
A27: =A256 -> 6. Benefícios e Despesas Indiretas - BDI | E27: =F260 -> 22365.467 | F27: =IFERROR(E27/$E$28,0) -> 0.15282767
A28: PREÇO TOTAL MENSAL COM A COLETA | E28: =E13+E23+E24+E25+E26+E27 -> 146344.36 | F28: =F13+F23+F25+F26+F27+F24 -> 1 | G28: =E28+F117 -> 157184.96
A31: Quantitativos
A32: Mão-de-obra | E32: Quantidade
A33: =+A44 -> 1.1. Auxiliar de Limpeza | E33: =C54+C67 -> 16
A34: =+A70 -> 1.2. Supervisor | E34: =C82 -> 1
A35: =+A85 -> 1.3. Vigia Turno Noite | E35: 3
A36: Total de mão-de-obra (postos de trabalho) | E36: =SUM(E33:E35) -> 20
A38: Veículos e Equipamentos | E38: Quantidade
A39: =A200 -> 3.1. Aluguel veículo popular s/ combustível | E39: =C200 -> 1
A42: 1. Mão-de-obra
A44: 1.1. Auxiliar de Limpeza
A45: Discriminação | B45: Unidade | C45: Quantidade | D45: Custo unitário | E45: Subtotal | F45: Total (R$)
A46: Piso da categoria | B46: hora | C46: 220 | D46: =1653.58/220 -> 7.5162727 | E46: =C46*D46 -> 1653.58
A47: Horas Extras (100%) | B47: hora | C47: =(52/12*2)+0.75 -> 9.4166667 | D47: =D46*2 -> 15.032545 | E47: =C47*D47 -> 141.55647 | G47: Excluir esta linha caso a contratação não tenha previsão de horas extras 100% explícita no edital
A48: Horas Extras (50%) | B48: hora | C48: =(52/12*2)+3.75 -> 12.416667 | D48: =D46*1.5 -> 11.274409 | E48: =C48*D48 -> 139.99058 | G48: Excluir esta linha caso a contratação não tenha previsão de horas extras 50% explícita no edital
A49: Descanso Semanal Remunerado (DSR) - hora extra | B49: R$ | D49: =63/302*(SUM(E47:E48)) -> 58.733325 | E49: =D49 -> 58.733325 | G49: Excluir esta linha caso a contratação não tenha previsão de horas extras explícita no edital
A50: Adicional de Insalubridade | B50: % | C50: 40 | D50: =SUM(E46:E49) -> 1993.8604 | E50: =C50*D50/100 -> 797.54415
A51: Soma | E51: =SUM(E46:E50) -> 2791.4045
A52: Encargos Sociais | B52: % | C52: ='Encargos Sociais'!$C$40*100 -> 72.468 | D52: =E51 -> 2791.4045 | E52: =D52*C52/100 -> 2022.875
A53: Total por Coletor | E53: =E51+E52 -> 4814.2796
A54: Total do Efetivo | B54: homem | C54: 8 | D54: =E53 -> 4814.2796 | E54: =C54*D54 -> 38514.236
D55: Fator de utilização | E55: 1 | F55: =E54*E55 -> 38514.236
A57: 1.1. Auxiliar de Limpeza
A58: Discriminação | B58: Unidade | C58: Quantidade | D58: Custo unitário | E58: Subtotal | F58: Total (R$)
A59: Piso da categoria | B59: hora | C59: 165 | D59: =1653.58/220 -> 7.5162727 | E59: =C59*D59 -> 1240.185
A60: Horas Extras (100%) | B60: hora | C60: 0 | D60: =D59*2 -> 15.032545 | E60: =C60*D60 -> 0
A61: Horas Extras (50%) | B61: hora | C61: 0 | D61: =D59*1.5 -> 11.274409 | E61: =C61*D61 -> 0
A62: Descanso Semanal Remunerado (DSR) - hora extra | B62: R$ | D62: =63/302*(SUM(E60:E61)) -> 0 | E62: =D62 -> 0
A63: Adicional de Insalubridade | B63: % | C63: 40 | D63: =SUM(E59:E62) -> 1240.185 | E63: =C63*D63/100 -> 496.074
A64: Soma | E64: =SUM(E59:E63) -> 1736.259
A65: Encargos Sociais | B65: % | C65: ='Encargos Sociais'!$C$40*100 -> 72.468 | D65: =E64 -> 1736.259 | E65: =D65*C65/100 -> 1258.2322
A66: Total por Coletor | E66: =E64+E65 -> 2994.4912
A67: Total do Efetivo | B67: homem | C67: 8 | D67: =E66 -> 2994.4912 | E67: =C67*D67 -> 23955.929
D68: Fator de utilização | E68: 0.75 | F68: =E67*E68 -> 17966.947
A70: 1.2. Supervisor
A71: Discriminação | B71: Unidade | C71: Quantidade | D71: Custo unitário | E71: Subtotal | F71: Total (R$)
A72: Piso da categoria (2) | B72: hora | C72: 220 | D72: =3020.09/C72 -> 13.727682 | E72: =C72*D72 -> 3020.09
A73: Salário mínimo nacional (1) | B73: mês | C73: 1 | D73: 1518
A74: Horas Extras (100%) | B74: hora | C74: 0 | D74: =D72*2 -> 27.455364 | E74: =C74*D74 -> 0 | G74: Excluir esta linha caso a contratação não tenha previsão de horas extras 100% explícita no edital
A75: Horas Extras (50%) | B75: hora | C75: 44 | D75: =D72*1.5 -> 20.591523 | E75: =C75*D75 -> 906.027 | G75: Excluir esta linha caso a contratação não tenha previsão de horas extras 50% explícita no edital
A76: Descanso Semanal Remunerado (DSR) - hora extra | B76: R$ | D76: =63/302*(SUM(E74:E75)) -> 189.00563 | E76: =D76 -> 189.00563 | G76: Excluir esta linha caso a contratação não tenha previsão de horas extras explícita no edital
A77: Base de cálculo da Insalubridade
A78: Adicional de Insalubridade | B78: % | D78: =IF(C77=2,SUM(E72:E76),IF(C77=1,(SUM(E72:E76))*D73/D72,0)) -> 0 | E78: =C78*D78/100 -> 0
A79: Soma | E79: =SUM(E72:E78) -> 4115.1226
A80: Encargos Sociais | B80: % | C80: ='Encargos Sociais'!$C$40*100 -> 72.468 | D80: =E79 -> 4115.1226 | E80: =D80*C80/100 -> 2982.1471
A81: Total por Motorista | E81: =E79+E80 -> 7097.2697
A82: Total do Efetivo | B82: homem | C82: 1 | D82: =E81 -> 7097.2697 | E82: =C82*D82 -> 7097.2697
D83: Fator de utilização | E83: 1 | F83: =E82*E83 -> 7097.2697
A85: 1.3. Vigia Turno Noite
A86: Discriminação | B86: Unidade | C86: Quantidade | D86: Custo unitário | E86: Subtotal | F86: Total (R$)
A87: Piso da categoria (2) | B87: hora | C87: 220 | D87: =1991.06/C87 -> 9.0502727 | E87: =C87*D87 -> 1991.06
A88: Salário mínimo nacional (1) | B88: mês | C88: 1 | D88: 1518
A89: Adicional Noturno | B89: horas trabalhadas | C89: 7
B90: hora contabilizada | C90: =C89*8/7 -> 8 | D90: =D87*0.2 -> 1.8100545 | E90: =C90*D90 -> 14.480436
A91: Horas Extras (100%) | B91: hora | C91: =52/12*2 -> 8.6666667 | D91: =D87*2 -> 18.100545 | E91: =C91*D91 -> 156.87139 | G91: Excluir esta linha caso a contratação não tenha previsão de horas extras 100% explícita no edital
A92: Horas Extras Noturnas (100%) | B92: horas trabalhadas | C92: =52/12*2 -> 8.6666667 | G92: Excluir esta linha caso a contratação não tenha previsão de horas extras noturnas 100% explícita no edital
B93: hora contabilizada | C93: =C92*8/7 -> 9.9047619 | D93: =D87/220*2*1.2 -> 0.098730248 | E93: =C93*D93 -> 0.9778996 | G93: Excluir esta linha caso a contratação não tenha previsão de horas extras noturnas 100% explícita no edital
A94: Horas Extras (50%) | B94: hora | D94: =D87/220*1.5 -> 0.061706405 | E94: =C94*D94 -> 0 | G94: Excluir esta linha caso a contratação não tenha previsão de horas extras 50% explícita no edital
A95: Horas Extras Noturnas (50%) | B95: horas trabalhadas | G95: Excluir esta linha caso a contratação não tenha previsão de horas extras noturnas 50% explícita no edital
B96: hora contabilizada | C96: =C95*8/7 -> 0 | D96: =D87/220*1.5*1.2 -> 0.074047686 | E96: =C96*D96 -> 0 | G96: Excluir esta linha caso a contratação não tenha previsão de horas extras noturnas 50% explícita no edital
A97: Descanso Semanal Remunerado (DSR) - hora extra | B97: R$ | D97: =63/302*(SUM(E91:E96)) -> 32.928826 | E97: =D97 -> 32.928826 | G97: Excluir esta linha caso a contratação não tenha previsão de horas extras explícita no edital
A98: Base de cálculo da Insalubridade
A99: Adicional de Insalubridade | B99: % | C99: =+C78 -> 0 | D99: =IF(C98=2,SUM(E87:E97),IF(C98=1,SUM(E87:E97)*D88/D87,0)) -> 0 | E99: =C99*D99/100 -> 0
A100: Soma | E100: =SUM(E87:E99) -> 2196.3186
A101: Encargos Sociais | B101: % | C101: ='Encargos Sociais'!$C$40*100 -> 72.468 | D101: =E100 -> 2196.3186 | E101: =D101*C101/100 -> 1591.6281
A102: Total por Motorista | E102: =E100+E101 -> 3787.9467
A103: Total do Efetivo | B103: homem | C103: 3 | D103: =E102 -> 3787.9467 | E103: =C103*D103 -> 11363.84
D104: Fator de utilização | E104: 1 | F104: =E103*E104 -> 11363.84
A106: 1.4. Folguista Auxiliar de Limpeza
A107: Discriminação | B107: Unidade | C107: Quantidade | D107: Custo unitário | E107: Subtotal | F107: Total (R$)
A108: Piso da categoria | B108: hora | C108: 597.33 | D108: =D46 -> 7.5162727 | E108: =C108*D108 -> 4489.6952
A109: Horas Extras (100%) | B109: hora | C109: 0 | D109: =D108*2 -> 15.032545 | E109: =C109*D109 -> 0
A110: Horas Extras (50%) | B110: hora | C110: 0 | D110: =D108*1.5 -> 11.274409 | E110: =C110*D110 -> 0
A111: Descanso Semanal Remunerado (DSR) - hora extra | B111: R$ | D111: =63/302*(SUM(E109:E110)) -> 0 | E111: =D111 -> 0
A112: Adicional de Insalubridade | B112: % | C112: 40 | D112: =SUM(E108:E111) -> 4489.6952 | E112: =C112*D112/100 -> 1795.8781
A113: Soma | E113: =SUM(E108:E112) -> 6285.5733
A114: Encargos Sociais | B114: % | C114: ='Encargos Sociais'!$C$40*100 -> 72.468 | D114: =E113 -> 6285.5733 | E114: =D114*C114/100 -> 4555.0292
A115: Total por Coletor | E115: =E113+E114 -> 10840.602
A116: Total do Efetivo | B116: homem | C116: 1 | D116: =E115 -> 10840.602 | E116: =C116*D116 -> 10840.602
D117: Fator de utilização | E117: 1 | F117: =E116*E117 -> 10840.602
A119: 1.5. Folguista Vigia Turno Noite
...

Sheet BDI S DES
A6: ANEXO 1 - BDI
A7: EMPREENDIMENTO:
A8: Nome: LIMPEZA DOS BANHEIROS PÚBLICOS
A9: Proponente: Prefeitura Municipal de Gravataí
A11: Cálculo do BDI
A13: A | B13: Estimativa de percentual da base de cáculo para o de ISSQN: | O13: 0.87
A14: B | B14: Alíquota Municipal de ISSQN: | O14: 0.035 | R14: Situação | U14: 1º Quartil | V14: Médio | W14: 3º Quartil
A15: Itens | J15: Siglas | L15: AC | M15: 0.04 | O15: % Adotado
A16: Administração Central | J16: AC | L16: SG | M16: 0.008 | O16: 0.038 | R16: =IF(O16>=U16,IF(O16<=W16,"OK!","Ops!"),"Ops!") -> OK! | U16: 0.038 | V16: 0.0401 | W16: 0.0467
A17: Seguro Risco e Garantia | J17: SRG | L17: R | M17: 0.0127 | O17: 0.0035 | R17: =IF(O17>=U17,IF(O17<=W17,"OK!","Ops!"),"Ops!") -> OK! | U17: 0.0032 | V17: 0.004 | W17: 0.0074
A18: Despesas Financeiras | J18: DF | L18: L | M18: 0.074 | O18: 0.011 | R18: =IF(O18>=U18,IF(O18<=W18,"OK!","Ops!"),"Ops!") -> OK! | U18: 0.0102 | V18: 0.0111 | W18: 0.0121
A19: Lucro | J19: L | L19: CP | M19: 0.0365 | O19: 0.0679 | R19: =IF(O19>=U19,IF(O19<=W19,"OK!","Ops!"),"Ops!") -> OK! | U19: 0.0664 | V19: 0.073 | W19: 0.0869
A20: Tributos (impostos COFINS 3%, e PIS 0,65%) | J20: CP | L20: ISS | M20: 0.015496 | O20: 0.0365 | R20: =IF(O20>=U20,IF(O20<=W20,"OK!","Ops!"),"Ops!") -> OK! | U20: 0.0365 | V20: 0.0365 | W20: 0.0365
A21: "B" incide Sobre "A": ISSQN (BDI) | J21: ISSQNBDI | L21: CPRB | M21: 0.045 | O21: =ROUND(O14*O13,4) -> 0.0305 | R21: =IF(O21>=U21,IF(O21<=W21,"OK!","Ops!"),"Ops!") -> OK! | U21: 0 | V21: 0.025 | W21: 0.05
A22: BDI COM desoneração | J22: BDI | O22: =ROUND((((1+O16+O17)*(1+O18)*(1+O19))/(1-O20-O21))-1,4) -> 0.2052
A24: O BDI foi calculado com o emprego da seguinte fórmula:
C26: BDI= | D26: (1 + AC + SRG)*(1 + DF)*(1+L) | J26: -1
D27: (1 - CP - ISSQNBDI)
A31: 46001 | F31: Engº Civil: Diego Pinheiro Figueiredo
A32: Data | F32: CREA:RS181427

Sheet Encargos Sociais
B6: ANEXO 2 - ENCARGOS SOCIAIS
A7: Composição dos Encargos Sociais
A8: Código | B8: Descrição | C8: Valor
A9: A1 | B9: INSS | C9: 0.2
A10: A2 | B10: SESI | C10: 0.015
A11: A3 | B11: SENAI | C11: 0.01
A12: A4 | B12: INCRA | C12: 0.002
A13: A5 | B13: SEBRAE | C13: 0.006
A14: A6 | B14: Salário educação | C14: 0.025
A15: A8 | B15: GILL/RAT (RAT 0,03 x FAP 1) | C15: 0.02 | D15: RISCO MÉDIO
A16: A9 | B16: FGTS | C16: 0.08
A17: A | B17: SOMA GRUPO A | C17: =SUM(C9:C16) -> 0.358
A19: B1 | B19: Férias e adicionais de férias | C19: 0.1111
A20: B2 | B20: 13º salário | C20: 0.0833
A21: B3 | B21: Licença Paternidade | C21: 0.0006
A22: B4 | B22: Salário Maternidade | C22: 0.0003
A23: B5 | B23: Faltas justificadas | C23: 0.0082
A24: B6 | B24: Auxilio acidente de trabalho | C24: 0.0031
A25: B7 | B25: Auxilio doença | C25: 0.0166
A26: B8 | B26: Subtituto na cobertura ausências legais | C26: 0.00068
A27: B | B27: SOMA GRUPO B | C27: =SUM(C19:C26) -> 0.22388
A29: C1 | B29: Aviso prévio indenizado | C29: 0.0042
A30: C2 | B30: Incidência do FGTS sobre Aviso Prévio indenizado | C30: 0.0003
A31: C3 | B31: Incidência da Multa s/ FGTS incidente no API | C31: 0.0001
A32: C4 | B32: Aviso prévio trabalhado | C32: 0.0192
A33: C5 | B33: Incidência dos encargos do grupo A sobre item C4 | C33: 0.0071
A34: C6 | B34: Multa sobre FGTS e contribuições sociais incidentes | C34: 0.04
A35: C | B35: SOMA GRUPO C | C35: =SUM(C29:C34) -> 0.0709
A37: D1 | B37: Reincidência de Grupo A sobre Grupo B | C37: 0.0716
A38: D2 | B38: Reincidência de FGTS sobre aviso prévio indenizado | C38: 0.0003
A39: D | B39: SOMA GRUPO D | C39: =SUM(C37:C38) -> 0.0719
B40: SOMA (A+B+C+D) | C40: =C39+C35+C27+C17 -> 0.72468
C42: 46001

Sheet MATERIAIS
A6: ANEXO 4 - PESQUISA DE PREÇOS MATERIAIS/EQUIPAMENTOS
A7: ITEM | B7: MATERIAL | C7: UNIDADE | D7: https://www.portaldecompraspublicas.com.br/processos/rs/consorcio-intermunicipal-de-saude-do-noroeste-do-estado-do-rio-grande-do-sul-cisa-184/rpe-9-2025-2025-436580 | E7: https://www.portaldecompraspublicas.com.br/processos/rs/prefeitura-municipal-de-erechim-39/pe-200-2025-2025-434492 | F7: https://www.portaldecompraspublicas.com.br/processos/rs/consorcio-intermunicipal-do-medio-alto-uruguai-cimau-842/rpe-06-2025-2025-436109 | G7: https://www.portaldecompraspublicas.com.br/processos/rs/prefeitura-municipal-de-sao-leopoldo-4967/de-55-2025-2025-435544 | H7: https://www.portaldecompraspublicas.com.br/processos/rs/prefeitura-municipal-de-sao-jose-do-sul-1262/rpe-pe26-2025-2025-432408 | I7: https://www.portaldecompraspublicas.com.br/processos/rs/camara-municipal-de-farroupilha-4240/de-16-2025-2025-433073 | J7: https://www.portaldecompraspublicas.com.br/processos/rs/prefeitura-municipal-de-porto-alegre-206/pe-211-2025-2025-407784 | K7: https://www.portaldecompraspublicas.com.br/processos/rs/prefeitura-municipal-de-vacaria-2941/rpe-300022-2025-2025-430577 | L7: https://www.portaldecompraspublicas.com.br/processos/rs/prefeitura-municipal-de-itaqui-525/rpe-071-2025-2025-429905 | M7: https://www.portaldecompraspublicas.com.br/processos/rs/prefeitura-municipal-de-tres-passos-1247/rpe-149-2025-2025-428954 | N7: https://www.portaldecompraspublicas.com.br/processos/rs/autarquia-municipal-de-turismo-gramadotur-1081/pe-38-2025-2025-434387 | O7: https://www.portaldecompraspublicas.com.br/processos/rs/prefeitura-municipal-de-sao-borja-1482/pe-32-2023-2023-243133 | P7: https://www.portaldecompraspublicas.com.br/processos/rs/prefeitura-municipal-de-sao-borja-1482/rpe-18-2025-2025-416554 | Q7: https://www.portaldecompraspublicas.com.br/processos/rs/prefeitura-municipal-de-passo-fundo-31/pe-055-2025-2025-407721 | R7: https://www.portaldecompraspublicas.com.br/processos/rs/prefeitura-municipal-de-nova-prata-50/pe-51-2025-2025-423831 | S7: file:///C:/Users/luciane.freitas/Downloads/269_ATA+050.2025+-+PRE+095.2025+-+Aquisicao+de+EPIs.pdf | T7: ATA Nº 40/2024 (reajustada) | U7: https://www.portaldecompraspublicas.com.br/processos/rs/prefeitura-municipal-de-santiago-277/pe-137-2025-2025-426697 | V7: https://pncp.gov.br/app/editais/87849923000109/2025/270 | W7: https://pncp.gov.br/app/atas/89848949000150/2025/994/12 | X7: https://pncp.gov.br/app/editais/87838330000139/2025/640 | Y7: https://pncp.gov.br/app/editais/89814693000160/2025/377 | Z7: BANCO DE PREÇOS - VER RELATÓRIO | AF7: PEQUISA INTERNET | AJ7: MÉDIA (R$) | AL7: ESTIMATIVA QUANT ANO | AM7: MÊS | AN7: VALOR MÊS
A8: 1 | B8: Água Sanitária | C8: 5L | D8: 6.98 | E8: 7.45 | F8: 10.42 | H8: 7.4 | K8: 6.1 | M8: 6.64 | T8: 7.05 | V8: 6.51 | W8: 5.99 | Y8: 11.6 | Z8: 10.99 | AA8: 9.9 | AB8: 9.99 | AJ8: =AVERAGE(D8:AE8) -> 8.2323077 | AK8: =COUNT(D8:AI8) -> 13 | AL8: =960/120*365/5 -> 584 | AM8: =AL8/12 -> 48.666667 | AN8: =AJ8*AM8 -> 400.63897
A9: 2 | B9: Álcool Etílico Hidratado 70° INPM - 1L | C9: 1L | E9: 4.95 | H9: 6.34 | K9: 6.89 | L9: 5.42 | M9: 5.4 | V9: 4.97 | Z9: 12.9 | AA9: 10.78 | AB9: 7.64 | AC9: 9.59 | AD9: 6.68 | AJ9: =AVERAGE(D9:AE9) -> 7.4145455 | AK9: =COUNT(D9:AI9) -> 11 | AL9: =2*365 -> 730 | AM9: =AL9/12 -> 60.833333 | AN9: =AJ9*AM9 -> 451.05152
A10: 3 | B10: Aromatizante de Ambiente aerosol - 360/400 ml | C10: und | D10: 9.06 | E10: 7.32 | F10: 11 | H10: 6.4 | K10: 5.94 | M10: 6 | T10: 7.63 | V10: 7 | Y10: 6.06 | Z10: 8.9 | AA10: 7.9 | AB10: 8.13 | AC10: 9.53 | AD10: 7.24 | AJ10: =AVERAGE(D10:AE10) -> 7.7221429 | AK10: =COUNT(D10:AI10) -> 14 | AL10: =8*12 -> 96 | AM10: =AL10/12 -> 8 | AN10: =AJ10*AM10 -> 61.777143
A11: 4 | B11: Balde de plástico 15 litros - arco de aço | C11: und | H11: 9.14 | K11: 10.17 | L11: 9 | M11: 7.88 | T11: 9.39 | Z11: 9.5 | AA11: 8.2 | AB11: 8 | AJ11: =AVERAGE(D11:AE11) -> 8.91 | AK11: =COUNT(D11:AI11) -> 8 | AM11: =AL11/12 -> 0 | AN11: =AJ11*AM11 -> 0
A12: 5 | B12: Balde mop giratório, cap. 16 litros, cabo aço inox com angulação 180° e altura extensível, centrifugação 360° e cesto removível em inox, refil multi uso | C12: und | H12: 54.47 | K12: 99.99 | Z12: 55.95 | AA12: 71.49 | AB12: 71.5 | AJ12: =AVERAGE(D12:AE12) -> 70.68 | AK12: =COUNT(D12:AI12) -> 5 | AL12: =8*2 -> 16 | AM12: =AL12/12 -> 1.3333333 | AN12: =AJ12*AM12 -> 94.24
A13: 6 | B13: Borrifador spray de plástico transparente, 500ml | C13: und | H13: 2.6 | K13: 2.9 | M13: 2.84 | Z13: 2.8 | AA13: 2.76 | AB13: 3.13 | AC13: 2.69 | AD13: 2.9 | AJ13: =AVERAGE(D13:AE13) -> 2.8275 | AK13: =COUNT(D13:AI13) -> 8 | AL13: =24*12 -> 288 | AM13: =AL13/12 -> 24 | AN13: =AJ13*AM13 -> 67.86
A14: 7 | B14: Cabo de madeira para vassoura com encaixe de rosca | C14: und | W14: 8.8 | X14: 21.1 | Z14: 2.69 | AA14: 2.9 | AB14: 3.58 | AC14: 5 | AJ14: =AVERAGE(D14:AE14) -> 7.345 | AK14: =COUNT(D14:AI14) -> 6 | AM14: =AL14/12 -> 0 | AN14: =AJ14*AM14 -> 0
A15: 8 | B15: Cera Líquida, incolor, auto brilho antiderrapante - 750 ml | C15: und | G15: 3.8 | H15: 4.7 | K15: 4.89 | L15: 4.9 | M15: 3.95 | V15: 4.9 | Z15: 9.75 | AA15: 4.95 | AB15: 4.59 | AC15: 9.2 | AD15: 4.79 | AJ15: =AVERAGE(D15:AE15) -> 5.4927273 | AK15: =COUNT(D15:AI15) -> 11 | AM15: =AL15/12 -> 0 | AN15: =AJ15*AM15 -> 0
A16: 9 | B16: Desinfetante bactericida a base de Pinho e Eucalipto - 1 litro | C16: und | D16: 2.44 | L16: 3.39 | Z16: 3.99 | AA16: 8.48 | AB16: 9.99 | AC16: 2.9 | AD16: 3.6 | AJ16: =AVERAGE(D16:AE16) -> 4.97 | AK16: =COUNT(D16:AI16) -> 7 | AL16: =1100/120*30*12 -> 3300 | AM16: =AL16/12 -> 275 | AN16: =AJ16*AM16 -> 1366.75
A17: 10 | B17: Detergente multiuso líquido Ypê, Veja ou similar - 2 litros | C17: und | Z17: 9.4 | AA17: 9.98 | AB17: 10.5 | AC17: 11.66 | AD17: 10.3 | AE17: 11.9 | AJ17: =AVERAGE(D17:AE17) -> 10.623333 | AK17: =COUNT(D17:AI17) -> 6 | AL17: =200*12/2 -> 1200 | AM17: =AL17/12 -> 100 | AN17: =AJ17*AM17 -> 1062.3333
A18: 11 | B18: Detergente desincrustante - 5 litros | C18: und | K18: 10 | Z18: 10 | AA18: 44.85 | AB18: 34 | AC18: 29.9 | AF18: 42.61 | AG18: 40.15 | AJ18: =AVERAGE(D18:AE18) -> 25.75 | AK18: =COUNT(D18:AI18) -> 7 | AL18: =8*6 -> 48 | AM18: =AL18/12 -> 4 | AN18: =AJ18*AM18 -> 103
A19: 12 | B19: Dispenser para papel higiênico em bobina/rolão para até 500m, na cor branca, fixação na parede (com parafusos e buchas), fabricado em plástico reforçado. | C19: und | X19: 21.26 | Y19: 21.1 | Z19: 32.86 | AA19: 43 | AB19: 23.4 | AC19: 32 | AD19: 27.7 | AJ19: =AVERAGE(D19:AE19) -> 28.76 | AK19: =COUNT(D19:AI19) -> 7 | AL19: =26*2 -> 52 | AM19: =AL19/12 -> 4.3333333 | AN19: =AJ19*AM19 -> 124.62667
A20: 13 | B20: Dispenser para papel toalha intercalado em plástico | C20: und | H20: 19.5 | K20: 18.5 | X20: 31.69 | Y20: 21.27 | Z20: 22.05 | AA20: 22.9 | AB20: 31 | AC20: 24.98 | AD20: 32.93 | AE20: 23.1 | AJ20: =AVERAGE(D20:AE20) -> 24.792 | AK20: =COUNT(D20:AI20) -> 10 | AL20: =24*2 -> 48 | AM20: =AL20/12 -> 4 | AN20: =AJ20*AM20 -> 99.168
A21: 14 | B21: Dispenser para sabonete líquido de parede com frasco interno para reposição , bico dosador de látex, com capacidade para 800ml, com kit de fixação (parafusos e buchas) | C21: und | E21: 25.8 | H21: 22.99 | K21: 19.52 | V21: 43.8 | W21: 21.99 | X21: 21.87 | Y21: 21.11 | Z21: 28.4 | AA21: 58 | AB21: 24.98 | AC21: 35.9 | AD21: 27.53 | AJ21: =AVERAGE(D21:AE21) -> 29.324167 | AK21: =COUNT(D21:AI21) -> 12 | AL21: =AL20 -> 48 | AM21: =AL21/12 -> 4 | AN21: =AJ21*AM21 -> 117.29667
A22: 15 | B22: Escova multiuso de limpeza | C22: und | K22: 1.98 | Z22: 7.99 | AA22: 4 | AB22: 9.25 | AC22: 6.5 | AD22: 4.78 | AJ22: =AVERAGE(D22:AE22) -> 5.75 | AK22: =COUNT(D22:AI22) -> 6 | AL22: =8*4 -> 32 | AM22: =AL22/12 -> 2.6666667 | AN22: =AJ22*AM22 -> 15.333333
A23: 16 | B23: Escovão de limpeza, mínimo 38 cm com cabo de no mínimo 1,8cm | C23: und | Z23: 20.2 | AA23: 16.5 | AB23: 22.9 | AC23: 9.9 | AD23: 13.8 | AE23: 40.5 | AJ23: =AVERAGE(D23:AE23) -> 20.633333 | AK23: =COUNT(D23:AI23) -> 6 | AL23: =8*2 -> 16 | AM23: =AL23/12 -> 1.3333333 | AN23: =AJ23*AM23 -> 27.511111
A24: 17 | B24: Escova para sanitário c/ suporte | C24: und | F24: 9 | H24: 3.43 | M24: 3.4 | T24: 3.13 | V24: 5.17 | Y24: 3.12 | Z24: 9.5 | AA24: 3.4 | AB24: 9.5 | AJ24: =AVERAGE(D24:AE24) -> 5.5166667 | AK24: =COUNT(D24:AI24) -> 9 | AL24: =8*2 -> 16 | AM24: =AL24/12 -> 1.3333333 | AN24: =AJ24*AM24 -> 7.3555556
A25: 18 | B25: Esponja dupla face, para limpeza geral, medindo aprox. 110x72x23 cm | C25: und | D25: 0.56 | F25: =3.98/4 -> 0.995 | H25: =2.14/4 -> 0.535 | I25: 0.65 | K25: 0.47 | L25: 0.56 | M25: 0.5 | Y25: 0.5 | Z25: 0.85 | AA25: 0.88 | AB25: 0.65 | AC25: 0.68 | AJ25: =AVERAGE(D25:AE25) -> 0.6525 | AK25: =COUNT(D25:AI25) -> 12 | AL25: =8*6*12 -> 576 | AM25: =AL25/12 -> 48 | AN25: =AJ25*AM25 -> 31.32
A26: 19 | B26: Fibra de limpeza, serviço pesado, abrasiva | C26: und | F26: 1.48 | G26: 1.61 | Z26: 3.35 | AA26: 2 | AF26: 3.5 | AG26: 2.9 | AH26: 2.75 | AI26: 2 | AJ26: =AVERAGE(D26:AE26) -> 2.11 | AK26: =COUNT(D26:AI26) -> 8 | AM26: =AL26/12 -> 0 | AN26: =AJ26*AM26 -> 0
A27: 20 | B27: Flanela para limpeza geral, 100% algodão aprox. 20x30cm | C27: und | E27: 1.63 | S27: 0.98 | Y27: 0.84 | Z27: 2.98 | AA27: 3.18 | AB27: 2.04 | AC27: 3.15 | AD27: 2.04 | AJ27: =AVERAGE(D27:AE27) -> 2.105 | AK27: =COUNT(D27:AI27) -> 8 | AL27: =4*8*12 -> 384 | AM27: =AL27/12 -> 32 | AN27: =AJ27*AM27 -> 67.36
A28: 21 | B28: Flotador para limpeza - 5 litros | C28: und | Z28: 50 | AA28: 9.95 | AB28: 9.5 | AC28: 14.99 | AD28: 20.14 | AJ28: =AVERAGE(D28:AE28) -> 20.916 | AK28: =COUNT(D28:AI28) -> 5 | AM28: =AL28/12 -> 0 | AN28: =AJ28*AM28 -> 0
A29: 22 | B29: Kit Rodo limpa vidro com spray e reservatório | C29: und | AF29: 21.42 | AG29: 17.09 | AH29: 23.81 | AI29: 20.9 | AJ29: =AVERAGE(D29:AI29) -> 20.805 | AK29: =COUNT(D29:AI29) -> 4 | AL29: =8*2 -> 16 | AM29: =AL29/12 -> 1.3333333 | AN29: =AJ29*AM29 -> 27.74
A30: 23 | B30: Limpa vidro c/ álcool - 500ml | C30: und | G30: 2.22 | H30: 2.25 | K30: 1.48 | M30: 8.49 | Z30: 3.45 | AA30: 3 | AB30: 1.74 | AC30: 1.9 | AD30: 1.59 | AE30: 2.82 | AJ30: =AVERAGE(D30:AE30) -> 2.894 | AK30: =COUNT(D30:AI30) -> 10 | AL30: =8*3 -> 24 | AM30: =AL30/12 -> 2 | AN30: =AJ30*AM30 -> 5.788
A31: 24 | B31: Líquido para polimento de metais 200ML | C31: und | Z31: 14.98 | AA31: 15.66 | AB31: 19.78 | AF31: 15.9 | AG31: 19 | AH31: 16.94 | AJ31: =AVERAGE(D31:AE31) -> 16.806667 | AK31: =COUNT(D31:AI31) -> 6 | AL31: =8 -> 8 | AM31: =AL31/12 -> 0.66666667 | AN31: =AJ31*AM31 -> 11.204444
A32: 25 | B32: Lixeira para banheiro em PVC c/ tampa e pedal - 15 litros | C32: und | Z32: 23.2 | AA32: 17.99 | AB32: 23.9 | AC32: 23 | AD32: 23.99 | AE32: 23 | AJ32: =AVERAGE(D32:AE32) -> 22.513333 | AK32: =COUNT(D32:AI32) -> 6 | AM32: =AL32/12 -> 0 | AN32: =AJ32*AM32 -> 0
A33: 26 | B33: Lixeira para banheiro em PVC c/ tampa e pedal - 35/36 litros | C33: und | V33: 45 | Z33: 55.24 | AA33: 40 | AB33: 66 | AC33: 61.42 | AD33: 55 | AE33: 112.41 | AJ33: =AVERAGE(D33:AE33) -> 62.152857 | AK33: =COUNT(D33:AI33) -> 7 | AM33: =AL33/12 -> 0 | AN33: =AJ33*AM33 -> 0
A34: 27 | B34: Lixeira para banheiro em PVC c/ tampa e pedal - 65 litros | C34: und | Z34: 72 | AA34: 74.02 | AB34: 71.82 | AC34: 52.5 | AD34: 71.72 | AE34: 64.95 | AJ34: =AVERAGE(D34:AE34) -> 67.835 | AK34: =COUNT(D34:AI34) -> 6 | AL34: =7*365/182.5 -> 14 | AM34: =AL34/12 -> 1.1666667 | AN34: =AJ34*AM34 -> 79.140833
A35: 28 | B35: Lixeira para banheiro em PVC c/ tampa e pedal - 25 litros | C35: und | D35: 42 | L35: 41 | Z35: 68.62 | AA35: 55 | AB35: 33.45 | AC35: 50.19 | AD35: 68.62 | AE35: 70.76 | AJ35: =AVERAGE(D35:AE35) -> 53.705 | AK35: =COUNT(D35:AI35) -> 8 | AL35: =28*365/120 -> 85.166667 | AM35: =AL35/12 -> 7.0972222 | AN35: =AJ35*AM35 -> 381.15632
A36: 29 | B36: Luvas tam. G, 100% látex narural, palma antiderrpante, interior em algodão flocado - pacote c/01 par | C36: par | E36: 2.14 | H36: 1.7 | J36: 5.54 | K36: 2.25 | L36: 1.75 | O36: 4.54 | X36: 1.67 | Z36: 2.9 | AA36: 2.56 | AB36: 1.68 | AJ36: =AVERAGE(D36:AE36) -> 2.673 | AK36: =COUNT(D36:AI36) -> 10 | AM36: =AL36/12 -> 0 | AN36: =AJ36*AM36 -> 0
A37: 30 | B37: Luvas tam. M, 100% látex narural, palma antiderrpante, interior em algodão flocado - pacote c/01 par | C37: par | F37: 2.71 | H37: 1.7 | J37: 5.54 | K37: 2.25 | L37: 1.75 | O37: 4.54 | X37: 1.67 | Z37: 2.03 | AA37: 2.9 | AB37: 2.56 | AC37: 3.5 | AD37: 1.68 | AJ37: =AVERAGE(D37:AE37) -> 2.7358333 | AK37: =COUNT(D37:AI37) -> 12 | AM37: =AL37/12 -> 0 | AN37: =AJ37*AM37 -> 0
A38: 31 | B38: Pá de plástico c/cabo longo em madeira, mím. de 90cm | C38: und | H38: 4.89 | K38: 3.5 | M38: 4.1 | T38: 3.91 | V38: 7.69 | AJ38: =AVERAGE(D38:AE38) -> 4.818 | AK38: =COUNT(D38:AI38) -> 5 | AL38: =8*2 -> 16 | AM38: =AL38/12 -> 1.3333333 | AN38: =AJ38*AM38 -> 6.424
A39: 32 | B39: Palha de aço | C39: und | K39: 0.99 | L39: 1.7 | Z39: 1.45 | AA39: 1.04 | AB39: 0.99 | AC39: =1.88/2 -> 0.94 | AD39: 1.2 | AE39: 1.32 | AJ39: =AVERAGE(D39:AE39) -> 1.20375 | AK39: =COUNT(D39:AI39) -> 8 | AL39: =8*2*12 -> 192 | AM39: =AL39/12 -> 16 | AN39: =AJ39*AM39 -> 19.26
A40: 33 | B40: Pano microfibra aprox. 39 x 39cm | C40: und | D40: 7.27 | H40: 2 | K40: =7.12/3 -> 2.3733333 | Z40: 4.29 | AA40: 1.7 | AB40: 1.95 | AC40: 1.41 | AJ40: =AVERAGE(D40:AE40) -> 2.9990476 | AK40: =COUNT(D40:AI40) -> 7 | AM40: =AL40/12 -> 0 | AN40: =AJ40*AM40 -> 0
A41: 34 | B41: Pano para limpeza (pano de chão alvejado) - branco | C41: und | D41: 2.4 | E41: 3.35 | H41: 2.5 | I41: 4.29 | K41: 2.57 | M41: 4.09 | V41: 6.26 | Y41: 2.5 | Z41: 4.29 | AA41: 5.07 | AB41: 2.26 | AC41: 3.92 | AJ41: =AVERAGE(D41:AE41) -> 3.625 | AK41: =COUNT(D41:AI41) -> 12 | AL41: =8*8*12 -> 768 | AM41: =AL41/12 -> 64 | AN41: =AJ41*AM41 -> 232
A42: 35 | B42: Papel Higiênico rolão, folha picotada, 100% fibras naturais, alta qualidade - fardo c/8 unidades de 300m - extra branco | C42: fardo | D42: 43.15 | K42: 26.73 | Y42: 34.69 | Z42: 29.08 | AA42: 49 | AB42: 26 | AC42: 24 | AD42: 29.9 | AE42: 71.15 | AJ42: =AVERAGE(D42:AE42) -> 37.077778 | AK42: =COUNT(D42:AI42) -> 9 | AL42: =20*26*12/8 -> 780 | AM42: =AL42/12 -> 65 | AN42: =AJ42*AM42 -> 2410.0556
A43: 36 | B43: Papel Toalha Branco interfolhado, 100% celulose - cx c/ 1000fls | C43: cx | D43: 55.28 | F43: 23.8 | H43: 7.37 | K43: 29.2 | L43: 7.24 | Y43: 29.7 | Z43: 19.4 | AA43: 7.24 | AB43: 6.35 | AC43: 8.25 | AD43: 6.85 | AE43: 6.2 | AJ43: =AVERAGE(D43:AE43) -> 17.24 | AK43: =COUNT(D43:AI43) -> 12 | AL43: =320/4*12 -> 960 | AM43: =AL43/12 -> 80 | AN43: =AJ43*AM43 -> 1379.2
A44: 37 | B44: Refil Mop giratório16cm | C44: und | K44: 7.76 | Z44: 7 | AA44: 7 | AB44: 9.25 | AC44: 11.17 | AD44: 8.45 | AE44: 10.1 | AJ44: =AVERAGE(D44:AE44) -> 8.6757143 | AK44: =COUNT(D44:AI44) -> 7 | AL44: =8*12 -> 96 | AM44: =AL44/12 -> 8 | AN44: =AJ44*AM44 -> 69.405714
A45: 38 | B45: Rodo lâmina de borracha dupla 40cm c/ cabo de madeira , mín. 1,20cm, para piso | C45: und | D45: 6 | H45: 6.49 | K45: 4.78 | L45: 5.5 | M45: 6 | T45: 5.16 | V45: 5.15 | Z45: 5.99 | AA45: 4.8 | AB45: 9.11 | AC45: 5.13 | AD45: 5.34 | AJ45: =AVERAGE(D45:AE45) -> 5.7875 | AK45: =COUNT(D45:AI45) -> 12 | AL45: =8*4 -> 32 | AM45: =AL45/12 -> 2.6666667 | AN45: =AJ45*AM45 -> 15.433333
A46: 39 | B46: Rodo espuma de alta densidade para passar cera, com rodo de no míniimo 1,20cm e base de madeira. | C46: und | Y46: 3.56 | Z46: 9.76 | AA46: 7.7 | AB46: 10.1 | AC46: 10.99 | AD46: 11.23 | AE46: 10.8 | AJ46: =AVERAGE(D46:AE46) -> 9.1628571 | AK46: =COUNT(D46:AI46) -> 7 | AM46: =AL46/12 -> 0 | AN46: =AJ46*AM46 -> 0
A47: 40 | B47: Saco de Lixo Preto 100L - 10 micras | C47: 100 und | D47: 24.72 | F47: 48.8 | H47: 17.9 | M47: =10*1.75 -> 17.5 | Z47: 17.7 | AA47: 32 | AB47: 25.07 | AC47: 27.64 | AD47: 23.13 | AE47: 28.18 | AJ47: =AVERAGE(D47:AE47) -> 26.264 | AK47: =COUNT(D47:AI47) -> 10 | AL47: 110 | AM47: =AL47/12 -> 9.1666667 | AN47: =AJ47*AM47 -> 240.75333
A48: 41 | B48: Saco de Lixo Preto 30L - 10 micras | C48: 100 und | H48: 9.3 | I48: 11.39 | M48: 11.8 | V48: 6.35 | Z48: 10.5 | AA48: 17.65 | AB48: 13.17 | AJ48: =AVERAGE(D48:AE48) -> 11.451429 | AK48: =COUNT(D48:AI48) -> 7 | AM48: =AL48/12 -> 0 | AN48: =AJ48*AM48 -> 0
A49: 42 | B49: Saco de Lixo Preto 50L - 10 micras | C49: 100 und | F49: 33.22 | H49: 11.9 | I49: 19.09 | L49: =0.15*100 -> 15 | M49: =10*1.33 -> 13.3 | V49: 10.15 | Z49: 25 | AJ49: =AVERAGE(D49:AE49) -> 18.237143 | AK49: =COUNT(D49:AI49) -> 7 | AL49: 115 | AM49: =AL49/12 -> 9.5833333 | AN49: =AJ49*AM49 -> 174.77262
A50: 43 | B50: Sanonete Líquido (viscoso), PH neutro, perfumado, sua formula deve conter uma combinação balanceada de matérias primas naturais e agentes umectantes, proporcionando uma limpeza eficiente e deixando as mãos sem ressecamentos e hidratada. | C50: 5L | D50: 10.61 | H50: 8.6 | M50: 10.6 | T50: 8.87 | Z50: 25.5 | AA50: 29.85 | AB50: 23 | AC50: 35 | AD50: 21.63 | AJ50: =AVERAGE(D50:AE50) -> 19.295556 | AK50: =COUNT(D50:AI50) -> 9 | AL50: =160/120*365 -> 486.66667 | AM50: =AL50/12 -> 40.555556 | AN50: =AJ50*AM50 -> 782.54198
A51: 44 | B51: Saponáceo cremoso s/ cloro 300 ml | C51: und | D51: 5.5 | E51: 3.45 | F51: 6 | H51: 3.2 | K51: 6.9 | M51: 2.69 | T51: 5.79 | V51: 2.58 | W51: 2.7 | Z51: 2.99 | AA51: 3 | AB51: 8.9 | AC51: 3.3 | AD51: 6.5 | AE51: 3.3 | AJ51: =AVERAGE(D51:AE51) -> 4.4533333 | AK51: =COUNT(D51:AI51) -> 15 | AL51: =15*12 -> 180 | AM51: =AL51/12 -> 15 | AN51: =AJ51*AM51 -> 66.8
A52: 45 | B52: Placa sinalizadora de piso molhado | C52: und | Z52: 24.47 | AA52: 37.5 | AB52: 33.5 | AC52: 37.4 | AD52: 32.99 | AE52: 37.4 | AJ52: =AVERAGE(D52:AE52) -> 33.876667 | AK52: =COUNT(D52:AI52) -> 6 | AL52: 20 | AM52: =AL52/12 -> 1.6666667 | AN52: =AJ52*AM52 -> 56.461111
A53: 46 | B53: Vassoura cerda de nylon plumadas e firmes c/ cabo de madeira mín. 1,20cm | C53: und | D53: 7.18 | E53: 6.1 | F53: 11 | H53: 7.5 | M53: 6.99 | T53: 11.31 | Z53: 11.9 | AA53: 8.98 | AB53: 10.99 | AC53: 6.97 | AD53: 10.95 | AJ53: =AVERAGE(D53:AE53) -> 9.0790909 | AK53: =COUNT(D53:AI53) -> 11 | AL53: =9*12 -> 108 | AM53: =AL53/12 -> 9 | AN53: =AJ53*AM53 -> 81.711818
A54: 47 | B54: Vassoura para limpeza de teto | C54: und | Z54: 21.99 | AA54: 21.16 | AB54: 13.75 | AC54: 28.15 | AD54: 19.2 | AE54: 22.9 | AJ54: =AVERAGE(D54:AE54) -> 21.191667 | AK54: =COUNT(D54:AI54) -> 6 | AL54: =1*365/120 -> 3.0416667 | AM54: =AL54/12 -> 0.25347222 | AN54: =AJ54*AM54 -> 5.3714988
A55: 48 | B55: Escada de alumínio, 6 degraus, capacidade mínima 120kg c/ certificação do INMETRO | C55: und | Z55: 171.9 | AF55: 184.07 | AG55: 159.9 | AH55: 169.9 | AI55: 153.98 | AJ55: =AVERAGE(D55:AE55) -> 171.9 | AK55: =COUNT(D55:AI55) -> 5 | AL55: 10 | AM55: =AL55/12 -> 0.83333333 | AN55: =AJ55*AM55 -> 143.25
A56: 49 | B56: Conjunto Jaleco manga curta com dois bolsos, gola V, fechamento com botões, com Bordado Do Lado Esquerdo Com Logo da Contratada e Calça longa em tecido oxford, na cor azul. | C56: conj. | J56: 131.17 | N56: 143.78 | O56: 98.8 | P56: 128 | Q56: 114.79 | R56: 123.4 | Z56: 148.5 | AA56: 185.59 | AB56: 187.59 | AF56: 124.9 | AG56: 173.47 | AJ56: =AVERAGE(D56:AE56) -> 140.18 | AK56: =COUNT(D56:AI56) -> 11 | AM56: =AL56/12 -> 0 | AN56: =AJ56*AM56 -> 0
A57: 50 | B57: Máscara de proteção descartável PFF2 - N95 | C57: und | J57: 1.1 | N57: 2.84 | U57: 3 | Z57: 0.63 | AA57: 0.82 | AB57: 0.35 | AC57: 0.36 | AD57: 0.4 | AE57: 0.43 | AJ57: =AVERAGE(D57:AE57) -> 1.1033333 | AK57: =COUNT(D57:AI57) -> 9 | AM57: =AL57/12 -> 0 | AN57: =AJ57*AM57 -> 0
A58: 51 | B58: Botina hidrofugada preta | C58: par | J58: 71.9 | N58: 71.94 | P58: 39.89 | Q58: 56.07 | U58: 72 | Z58: 77.98 | AA58: 79.9 | AJ58: =AVERAGE(D58:AE58) -> 67.097143 | AK58: =COUNT(D58:AI58) -> 7 | AM58: =AL58/12 -> 0 | AN58: =AJ58*AM58 -> 0
A59: 52 | B59: Crachá de identificação | C59: und | J59: 9.91 | Z59: 2.65 | AA59: 1.4 | AB59: 3.98 | AJ59: =AVERAGE(D59:AE59) -> 4.485 | AK59: =COUNT(D59:AI59) -> 4 | AM59: =AL59/12 -> 0 | AN59: =AJ59*AM59 -> 0
A60: 53 | B60: Meia 100% algodão | C60: 3 pares | J60: 9.77 | N60: 10.19 | Z60: 24 | AF60: 24.99 | AG60: 31.9 | AH60: 24.99 | AI60: 19.9 | AJ60: =AVERAGE(D60:AE60) -> 14.653333 | AK60: =COUNT(D60:AI60) -> 7 | AM60: =AL60/12 -> 0 | AN60: =AJ60*AM60 -> 0
AL61: TOTAL | AN61: =SUM(AN8:AN60) -> 10286.093
A64: ITEM | B64: LOCAÇÃO VEÍCULO HATCH | C64: VALOR (R$)
A65: 51 | B65: https://www.portaldecompraspublicas.com.br/processos/rs/prefeitura-municipal-de-toropi-1107/rpe-24-2025-2025-436682 | C65: 4000
B66: Banco de Preços | C66: 2850
B67: Banco de Preços | C67: 2821.24
B68: Banco de Preços | C68: 3511.67
B69: Banco de Preços | C69: 2429
B70: https://pncp.gov.br/app/atas/07926117000140/2025/31/1 | C70: 2850
B71: https://pncp.gov.br/app/atas/04712762000171/2025/30/1 | C71: 3000
B72: https://pncp.gov.br/app/atas/87890992000158/2025/781/1 | C72: 2716.73
B73: https://pncp.gov.br/app/atas/90936956000192/2025/51/1 | C73: 2530
B74: https://pncp.gov.br/app/atas/88824099000197/2025/60/2 | C74: 2798
B75: VALOR MÉDIO VEÍCULO S/ COMBUSTÍVEL (R$) | C75: =AVERAGE(C67:C74) -> 2832.08
B76: TOTAL GASOLINA (ANP 06/12/2025) (R$) | C76: =C78*C79/12 -> 586.3 | D76: https://www.gov.br/anp/pt-br/assuntos/precos-e-defesa-da-concorrencia/precos/levantamento-de-precos-de-combustiveis-ultimas-semanas-pesquisadas
A77: VALOR TOTAL VEÍCULO C/ COMBUSTÍVEL | C77: =C75+C76 -> 3418.38
B78: ESTIMATIVA km RODADO MÊS | C78: =((3*8)+(20))*26 -> 1144
B79: R$/L (ANP 06/12/2025) | C79: 6.15
